Map: Blackpink LE

Players

iGMacSed (MacSed) - Winner!

  • Race: Protoss Protoss
  • Spawn Location: 1:00

Chase

  • Race: Zerg Zerg
  • League: Grandmaster
  • Spawn Location: 7:00

VOD

Have the link to the VOD?

Description

Time

  • Played on: April 20, 2018, 7:28 a.m.
  • Length: 11:02
Show
View Real Time Build Order
Export as new Build Order

iGMacSed Protoss - Winner!

Build Orders: 1 Gate Expand, Oracle Opening, Archon Immortal, Zealot Archon, Archon Drop 

Get SALT Encoding   

  12  0:00  Probe  
  13  0:12  Probe  
  14  0:18  Pylon  
  14  0:24  Probe  
  15  0:32  Probe  
  15  0:38  Gateway  
  15  0:40  Probe  
  16  0:47  Assimilator  
  17  0:51  Probe  
  18  1:03  Probe  
  19  1:15  Probe  
  20  1:25  Nexus  
  20  1:34  Cybernetics Core  
  20  1:37  Probe  
  21  1:42  Assimilator  
  21  1:49  Probe  
  21  1:53  Pylon  
  22  2:01  Probe  
  22  2:02  Adept  
  23  2:13  Probe  
  26  2:16  Stargate  
  26  2:23  Warp Gate  
  26  2:24  Probe  
  26  2:28  Adept  
  29  2:33  Probe  
  30  2:37  Probe  
  30  2:41  Probe  
  31  2:49  Probe  
  33  2:51  Oracle  
  33  2:53  Probe  
  34  3:01  Probe  
  39  3:05  Probe  
  39  3:08  Pylon  
  39  3:13  Probe  
  39  3:17  Oracle, Probe, Gateway  
  41  3:26  Probe  
  42  3:29  Probe  
  46  3:37  Assimilator  
  46  3:38  Probe  
  46  3:39  Assimilator  
  47  3:42  Probe, Pylon  
  47  3:46  Void Ray  
  48  3:50  Probe  
  48  3:54  Probe  
  54  4:02  Probe  
  55  4:06  Probe  
  56  4:11  Twilight Council  
  56  4:14  Probe  
  56  4:15  Pylon  
  57  4:18  Robotics Facility  
  57  4:21  Probe  
  58  4:27  Charge  
  58  4:33  Pylon  
  58  4:43  Gateway  
  58  4:46  Gateway  
  58  4:48  Gateway  
  58  4:49  Templar Archives  
  58  4:55  Gateway, Warp Prism  
  58  4:57  Probe x2  
  60  5:07  Zealot  
  64  5:08  Zealot  
  66  5:20  Pylon  
  66  5:28  Nexus  
  66  5:30  Pylon  
  66  5:49  High Templar x4  
  74  5:50  Zealot  
  74  5:51  Observer  
  74  5:54  Zealot  
  74  5:55  Archon x2  
  74  5:56  Probe x2  
  81  6:08  Probe x2  
  83  6:11  Immortal  
  83  6:20  Probe x2  
  83  6:25  Forge  
  89  6:28  Zealot x2  
  89  6:33  Probe x2  
  89  6:36  Protoss Ground Weapons Level 1  
  89  6:39  Void Ray  
  93  6:42  Probe  
  93  6:45  Probe x2  
  94  6:47  Sentry  
  94  6:48  Zealot x3  
  94  6:49  Zealot  
  94  6:50  Immortal  
  108  6:54  Probe  
  108  6:57  Probe x2  
  108  7:01  Shield Battery  
  109  7:04  Shield Battery  
  109  7:10  Gateway  
  109  7:12  Gateway  
  109  7:14  Probe  
  106  7:16  Pylon  
  106  7:17  Pylon  
  106  7:31  High Templar  
  106  7:32  Immortal  
  106  7:34  High Templar x2  
  106  7:35  High Templar  
  106  7:36  Zealot x2, Pylon  
  118  7:40  Archon  
  118  7:41  Archon  
  122  7:46  Probe, Pylon  
  122  7:47  Probe x2, Pylon  
  122  7:49  Assimilator  
  125  7:52  Assimilator  
  125  7:57  Pylon  
  125  7:58  Probe  
  126  8:05  Probe x2  
  128  8:06  Immortal  
  128  8:09  Psionic Storm  
  128  8:11  Zealot x5  
  128  8:12  Zealot x3  
  144  8:19  Pylon  
  148  8:42  Protoss Ground Weapons Level 2  
  148  8:44  Zealot x5  
  148  8:45  Zealot x3  
  148  8:48  Warp Prism  
  158  9:05  Pylon  
  158  9:06  Photon Cannon  
  158  9:08  High Templar x3  
  164  9:11  High Templar  
  164  9:16  Pylon  
  164  9:17  Pylon  
  164  9:26  Immortal  
  168  9:35  Nexus  
  168  9:37  Zealot x4, Pylon  
  156  9:50  Archon  
  156  9:51  Archon  
  156  9:52  High Templar x4  
  150  10:01  Zealot x3  
  150  10:03  Zealot  
  150  10:06  Gateway  
  158  10:10  Gateway  
  158  10:14  Immortal  
  160  10:19  Photon Cannon  
  160  10:25  Zealot x8  
  172  10:46  Zealot  
  172  10:47  Zealot x4  
  172  10:49  Zealot x3  
Show
View Real Time Build Order
Export as new Build Order

Chase Zerg 

Build Orders: Hatch First 

Get SALT Encoding   

  12  0:00  Drone  
  13  0:13  Overlord  
  13  0:17  Drone  
  14  0:31  Drone x2  
  16  0:50  Hatchery  
  16  0:53  Drone  
  16  0:57  Drone  
  16  1:00  Drone  
  18  1:11  Extractor  
  17  1:16  Spawning Pool  
  16  1:19  Drone  
  16  1:22  Drone  
  18  1:29  Drone  
  19  1:42  Overlord  
  19  1:51  Drone  
  20  2:02  Queen x2  
  20  2:03  Zergling x2  
  20  2:05  Zergling x2  
  26  2:11  Metabolic Boost  
  26  2:14  Drone  
  27  2:17  Drone  
  28  2:24  Drone x2  
  30  2:42  Hatchery  
  30  2:43  Drone  
  30  2:45  Drone  
  31  2:52  Queen  
  31  2:55  Drone  
  34  3:00  Overlord  
  34  3:02  Drone  
  34  3:05  Zergling x2  
  36  3:19  Drone  
  37  3:20  Zergling x4  
  37  3:21  Drone x2  
  37  3:22  Drone x2  
  37  3:24  Overlord  
  43  3:32  Spore Crawler x2  
  41  3:36  Drone x2  
  41  3:38  Drone  
  44  3:42  Drone  
  44  3:48  Overlord  
  45  3:51  Queen  
  45  3:54  Drone x2  
  48  3:59  Drone x2  
  48  4:00  Drone  
  50  4:08  Roach Warren, Drone  
  50  4:09  Drone  
  51  4:12  Drone  
  51  4:14  Spore Crawler  
  51  4:16  Drone  
  52  4:17  Drone  
  52  4:19  Drone  
  52  4:21  Drone  
  52  4:23  Drone x2  
  57  4:25  Drone  
  57  4:26  Drone  
  57  4:30  Extractor x2, Drone  
  58  4:34  Overlord  
  57  4:39  Overlord  
  57  4:40  Overlord  
  57  4:44  Overlord  
  58  4:45  Overlord  
  58  4:49  Extractor  
  58  4:50  Extractor  
  56  4:54  Queen, Evolution Chamber  
  56  4:56  Roach  
  56  4:58  Roach  
  61  5:00  Roach  
  61  5:02  Roach  
  61  5:05  Roach  
  67  5:07  Roach  
  67  5:10  Roach x2  
  73  5:16  Queen  
  73  5:19  Overlord  
  74  5:21  Roach  
  74  5:24  Roach  
  74  5:26  Ravager  
  74  5:27  Ravager  
  80  5:33  Queen  
  82  5:36  Roach x2  
  82  5:39  Roach  
  86  5:44  Lair  
  86  5:45  Drone x2  
  86  5:47  Drone  
  89  5:50  Roach  
  89  5:53  Roach  
  93  5:58  Roach x2  
  93  6:00  Overlord  
  93  6:02  Roach  
  99  6:08  Drone x4  
  99  6:09  Drone  
  104  6:12  Overlord  
  104  6:16  Overlord  
  104  6:21  Overlord  
  104  6:24  Drone  
  105  6:32  Drone x4  
  109  6:33  Drone x2  
  109  6:38  Drone x6  
  113  6:50  Roach x2  
  113  6:51  Roach  
  112  6:56  Overlord  
  112  6:58  Glial Reconstitution  
  112  6:59  Zerg Missile Weapons Level 1  
  112  7:00  Drone  
  112  7:05  Drone x2  
  112  7:08  Hydralisk Den  
  113  7:09  Overlord  
  113  7:13  Drone  
  114  7:16  Zergling x2  
  114  7:17  Drone x3  
  114  7:18  Drone x3  
  114  7:21  Extractor  
  114  7:22  Extractor  
  119  7:23  Drone x3  
  119  7:29  Overlord x2  
  122  7:30  Overlord  
  121  7:37  Extractor  
  121  7:38  Hydralisk x3  
  121  7:41  Grooved Spines  
  121  7:42  Overseer  
  126  7:45  Hydralisk  
  126  7:50  Hydralisk x2  
  132  7:53  Hydralisk  
  134  8:02  Hydralisk x2  
  134  8:04  Overlord x2  
  138  8:05  Overlord x2  
  138  8:11  Overlord x2  
  138  8:22  Overlord  
  138  8:23  Overlord x2  
  138  8:24  Roach x4  
  138  8:26  Ravager x2  
  148  8:28  Roach x2  
  148  8:30  Roach  
  148  8:32  Roach  
  148  8:34  Roach  
  158  8:41  Hydralisk x3  
  156  8:56  Hydralisk x4  
  156  8:57  Hydralisk x2  
  166  9:03  Ravager  
  166  9:04  Ravager  
  166  9:05  Hydralisk  
  166  9:06  Hydralisk  
  166  9:07  Zergling x8  
  166  9:08  Zergling x2  
  163  9:14  Roach  
  165  9:21  Muscular Augments  
  165  9:23  Ravager x2  
  167  9:25  Roach  
  167  9:29  Roach x3  
  175  9:34  Hydralisk  
  177  9:40  Hatchery  
  153  9:50  Hydralisk x6  
  143  9:57  Roach x3  
  121  10:00  Hydralisk x2  
  121  10:03  Zergling x4, Roach  
  121  10:04  Zergling x6  
  132  10:11  Drone x2  
  132  10:14  Hydralisk  
  130  10:19  Hydralisk x2  
  128  10:29  Hydralisk  
  128  10:35  Roach x3  
  132  10:40  Roach x2  
  132  10:41  Roach  
Tags
 
Add a new tag
Caveats
  • Supply blocks, unpowered buildings, or Contaminate may cause inaccurate times.
  • Supply counts are checked every 10 seconds.